 Dungeon Crawl Stone Soup version 0.25.0-9-g26727b657a (webtiles) character file.

Game seed: 3238705201831866049

68 Delamore the Cudgeler (level 4, -2/28 HPs)
             Began as a Gargoyle Fighter on June 18, 2020.
             Killed by divine providence
             ... invoked by an orc priest
              (14 damage)
             ... on level 3 of the Dungeon.
             The game lasted 00:01:10 (2030 turns).

Delamore the Cudgeler (Gargoyle Fighter)            Turns: 2030, Time: 00:01:10

Health: -2/28      AC: 10    Str: 21    XL:     4   Next: 19%
Magic:  4/4        EV:  7    Int:  8    God:
Gold:   32         SH:  9    Dex:  9    Spells: 3/3 levels left

rFire    . . .     SeeInvis .   a - +0 flail
rCold    . . .     Gourm    .   c - +0 kite shield
rNeg     + . .     Faith    .   b - +0 scale mail
rPois    ∞         Spirit   .   (no helmet)
rElec    +         Reflect  .   (no cloak)
rCorr    .         Harm     .   (no gloves)
MR       .....                  (no boots)
Stlth    ..........             (no amulet)
HPRegen  0.09/turn              (no ring)
MPRegen  0.09/turn              (no ring)

@: no status effects
A: negative energy resistance 1, electricity resistance, unbreathing,
petrification resistance, rot immunity, AC +3
a: no special abilities


You were on level 3 of the Dungeon.
You were not hungry.

You visited 1 branch of the dungeon, and saw 3 of its levels.

You collected 32 gold pieces.

Inventory:

Hand Weapons
 a - a +0 flail (weapon)
Missiles
 g - a throwing net (quivered)
Armour
 b - a +0 scale mail (worn)
 c - a +0 kite shield (worn)
Scrolls
 e - 2 scrolls of teleportation {unknown}
 h - a scroll of remove curse {unknown}
 i - a scroll of blinking {unknown}
 j - a scroll of fear {unknown}
 k - a scroll of magic mapping {unknown}
 l - 3 scrolls of identify {unknown}
 m - 2 scrolls of immolation {unknown}
 n - a scroll of amnesia {unknown}
Potions
 d - 2 potions of might
 p - a potion of lignification {unknown}
Comestibles
 f - 4 rations
 o - 2 chunks of flesh


   Skills:
 - Level 3.2 Fighting
 + Level 4.3 Maces & Flails
 - Level 3.2 Armour
 - Level 3.2 Shields


You had 3 spell levels left.
You didn't know any spells.
Your spell library was empty.

Dungeon Overview and Level Annotations

Branches:
Dungeon (3/15)

Altars:
Fedhas
Sif Muna


Innate Abilities, Weirdness & Mutations

You are resistant to torment.
Your stone body is resilient. (AC +3)
You are immune to poison.
You resist negative energy. (rN+)
You are resistant to electric shocks. (rElec)
You can survive without breathing.
You are immune to petrification.
You are immune to rotting.


Message History

You bump into the rock wall.
The orc wizard hits you but does no damage.
You bump into the rock wall.
The orc wizard hits you but does no damage.
The orc wizard points at you and mumbles some strange words.
The puff of flame hits you but does no damage.
You bump into the rock wall.
An orc priest comes into view. It is wielding a +0 club.
Your shield and scale mail prevent you from hitting the orc wizard.
The orc priest invokes the aid of Beogh against you.
Beogh smites you! The orc wizard barely misses you.
Your shield and scale mail prevent you from hitting the orc wizard.
The orc wizard hits you but does no damage.
You're too confused to move!
You feel less confused.
The orc wizard hits you with a +0 dagger.
The orc priest mumbles some strange prayers to Beogh against you.
Beogh smites you!
Ouch! That really hurt!
You die...

#########
#####.......#
########
...#.(.....#
#@....>#
####.#.......#
#o####.#
#....((.......##o#
#.#
#.##.#..........o.
#.#
.....#<...........#
#.####
#.##.#.......##...#
#....#
#.##.#######.######
####.# #.##.# .#
#.# ..##.#
###.#####


You could see an orc priest, an orc wizard and an orc.

Vanquished Creatures
  An adder (D:2)
  An ooze (D:1)
  2 worms
  2 bats (D:2)
  5 giant cockroaches
  5 goblins
  8 hobgoblins
  4 jackals (D:2)
  A quokka (D:2)
  2 ball pythons (D:1)
  4 frilled lizards
  3 kobolds
  7 rats
45 creatures vanquished.

Notes
Turn   | Place    | Note
-------+----------+-------------------------------------------
     0 | D:1      | Delamore the Gargoyle Fighter began the quest for the Orb.
     0 | D:1      | Reached XP level 1. HP: 14/14 MP: 1/1
   333 | D:1      | Reached XP level 2. HP: 17/19 MP: 2/2
   340 | D:1      | Reached skill level 3 in Maces & Flails
   795 | D:1      | Reached XP level 3. HP: 23/23 MP: 3/3
  1053 | D:1      | Found a blossoming altar of Fedhas.
  1427 | D:2      | Reached skill level 4 in Maces & Flails
  1784 | D:2      | Reached XP level 4. HP: 24/28 MP: 4/4
  1840 | D:2      | Found a shimmering blue altar of Sif Muna.
  2030 | D:3      | Killed from afar by an orc priest

Illustrated notes

Levels and vault maps discovered:
D:1:      dpeg_arrival_water_altar, layout_loops_cross
D:2:      layout_rooms, lemuel_blue_sif_altar
D:3:      layout_loops_corners, lemuel_doored_altar,
          chequers_ecumenical_altar_island, uniq_jessica

Skill      XL: |  1  2  3 |
---------------+----------+-----
Maces & Flails | 3 4 |  4.3
Fighting       | |  3.2
Armour         | |  3.2
Shields        | |  3.2

Action                   |  1- 3 |  4- 6 || total
-------------------------+-------+-------++-------
Melee: Flail             |   136 |    37 ||   173
  Eat: Chunk             |     3 |     1 ||     4
Armor: Scale mail        |   144 |    30 ||   174
Dodge: Dodged            |    61 |    17 ||    78
Block: Kite shield       |   107 |    26 ||   133
